 Dungeon Crawl Stone Soup version 0.28-a0-268-g3f656e82c2 (webtiles) character file.

Game seed: 1584606878679408541

848 MeltyBlood the Bolt Thrower (level 8, -3/46 HPs)
             Began as a Kobold Arcane Marksman on Aug 29, 2021.
             Killed by an exploding gnoll shaman (43 damage)
             ... ignited by their inner flame
             ... on level 5 of the Dungeon.
             The game lasted 00:19:05 (8252 turns).

MeltyBlood the Bolt Thrower (KoAM)                  Turns: 8252, Time: 00:19:06

Health: -3/46      AC:  5    Str:  7    XL:     8   Next: 20%
Magic:  15/15      EV: 15    Int: 17    God:
Gold:   161        SH:  0    Dex: 15    Spells: 11/17 levels left

rFire   . . .      SeeInvis .   a - +0 hand crossbow
rCold   . . .      Faith    .   (shield restricted)
rNeg    . . .      Spirit   .   n - +0 steam dragon scales
rPois   .          Reflect  .   (no helmet)
rElec   .          Harm     .   (no cloak)
rCorr   .          Rampage  .   (no gloves)
Will    +....                   (no boots)
Stlth   ++........              (no amulet)
HPRegen 0.15/turn               j - ring of willpower
MPRegen 0.14/turn               (no ring)

@: about to teleport
A: small, no large weapons, nightstalker 3
a: no special abilities


You were on level 5 of the Dungeon.
You visited 1 branch of the dungeon, and saw 5 of its levels.

You collected 183 gold pieces.
You spent 22 gold pieces at shops.

Inventory:

Hand Weapons
 a - a +0 hand crossbow (weapon)
 i - a +2 dagger of speed
Missiles
 b - 155 stones
 c - 23 bolts (quivered ammo)
Armour
 d - a +0 robe
 e - a +0 ring mail
 m - a +0 leather armour
 n - +0 steam dragon scales (worn)
Jewellery
 j - a ring of willpower (left hand)
 p - an amulet of faith
Wands
 r - a wand of polymorph (5)
 z - a wand of acid (3)
 A - a wand of paralysis (6)
Scrolls
 f - 3 scrolls of immolation
 g - a scroll of teleportation
 k - 3 scrolls of fear {unknown}
 l - a scroll of blinking
 o - a scroll of magic mapping {unknown}
 t - 2 scrolls of acquirement {unknown}
 v - a scroll of amnesia {unknown}
 w - a scroll of noise {unknown}
 x - a scroll of holy word {unknown}
 y - 3 scrolls of identify
Potions
 h - 2 potions of curing {unknown}
 q - a potion of attraction
 s - a potion of invisibility
 u - a potion of flight {unknown}


   Skills:
 - Level 3.4 Fighting
 - Level 0.2 Short Blades
 - Level 5.4 Crossbows
 - Level 2.4 Dodging
 - Level 0.3 Stealth
 + Level 5.2 Spellcasting
 + Level 5.4 Hexes


You had 11 spell levels left.
You knew the following spells:

 Your Spells              Type           Power      Damage    Failure   Level
a - Corona                Hex            25%        N/A       1%          1
b - Slow                  Hex            23%        N/A       2%          2
c - Portal Projectile     Hex/Tloc       26%        N/A       14%         3

Your spell library contained the following spells:

 Spells                   Type           Power      Damage    Failure   Level
 Magic Dart               Conj           16%        1d3       14%         1
 Summon Small Mammal      Summ           16%        N/A       14%         1
 Inner Flame              Hex/Fire       13%        N/A       14%         3
 Summon Guardian Golem    Hex/Summ       13%        N/A       14%         3
 Cause Fear               Hex            11%        N/A       14%         4
 Call Imp                 Summ           4%         N/A       22%         2
 Call Canine Familiar     Summ           4%         N/A       38%         3
 Gell's Gravitas          Tloc           2%         N/A       38%         3
 Lesser Beckoning         Tloc           2%         N/A       38%         3
 Mephitic Cloud           Conj/Pois/Air  4%         N/A       38%         3
 Teleport Other           Tloc           4%         N/A       38%         3


Dungeon Overview and Level Annotations

Branches:
Dungeon (5/15)
 Temple: D:4-7

Altars:
Hepliaklqana
Yredelemnul

Shops:
D:1 *

Annotations:
D:4 3 runed translucent doors, exclusions: phantom and 3 more exclusions, Dowan; Duvessa; NigelTetley's ghost, novice DECj


Innate Abilities, Weirdness & Mutations

You are small and have problems with some larger weapons.
You are completely attuned to the shadows.


Message History

The gnoll barely misses you.
Okay, then.
As you read the scroll labelled ASE DORAXT, it crumbles to dust.
The creatures around you are filled with an inner flame!
It was a scroll of immolation.
A gnoll comes into view. It is wielding a +0 halberd.
The gnoll shaman calls down the wrath of its god upon you.
You resist with almost no effort. The gnoll hits you but does no damage.
As you read the scroll labelled KONIM MUCLOSU, it crumbles to dust.
You feel strangely unstable.
It was a scroll of teleportation.
The gnoll shaman calls upon its god to heal the gnoll.
The gnoll is healed somewhat.
The gnoll completely misses you.
There are no items here.
Really attack while wielding your +0 hand crossbow?
Okay, then.
Unknown command.
Fire: 25 bolts
Press: ? - help, Q - select action, (/) - cycle Shift-Dir - straight line, f/p - gnoll shaman
Aim: a gnoll shaman, wielding a +0 whip and wearing a +0 robe (moderately wounded, inner flame, 69% to hit)
You shoot a bolt.
The bolt hits the gnoll shaman but does no damage.
The gnoll shaman is moderately wounded.
The gnoll shaman barely misses you. The gnoll hits you with a +0 club.
Fire: 24 bolts
Press: ? - help, Q - select action, (/) - cycle Shift-Dir - straight line, f/p - gnoll shaman
Aim: a gnoll shaman, wielding a +0 whip and wearing a +0 robe (moderately wounded, inner flame, 69% to hit)
You shoot a bolt.
The bolt barely misses the gnoll shaman.
The bolt closely misses the gnoll.
The bolt hits the gnoll!
Flame seeps out of the gnoll.
The gnoll is severely wounded.
The gnoll is engulfed in blazing flames.
The gnoll explodes!
The fiery explosion engulfs the gnoll!! x2
You kill the gnoll!
The gnoll explodes!
The fiery explosion engulfs the gnoll shaman!!
The gnoll shaman explodes!
The fiery explosion engulfs the gnoll!!
The fiery explosion engulfs you!!!
Ouch! That really hurt!
You die...

#.........#.
....
#####...###
##.g.g
##...#.#
##...gg
####..#...#
#.g#
.........##
#.##
......#..#
#(#
.......#.#
###(#
.......#..#
####§§.#
.......##..
#@§§○###
.......#
#)####
.......# #.#
^......# .
#.# ......##
#. ###.#
.....##
#.##...#
####.##
#....### #..#
##..##
##.######...#


There were no monsters in sight!

Vanquished Creatures
  Edmund (D:3)
  A sky beast (D:5)
  An ogre (D:5)
  A phantom (D:4)
  A gnoll sergeant (D:5)
  A bullfrog zombie (D:5)
  A gnoll shaman (D:5)
  Jessica (D:3)
  3 iguanas
  A hound zombie (D:5)
  A hound skeleton (D:4)
  15 gnolls
  5 adders
  A worm (D:2)
  7 dart slugs
  An orc (D:2)
  7 bats
  8 endoplasms
  4 giant cockroaches
  7 goblins
  5 hobgoblins
  8 jackals (D:1)
  5 kobolds
  3 quokkas
  13 ball pythons
  3 frilled lizards
  5 rats
110 creatures vanquished.

Vanquished Creatures (others)
  4 plants (D:5)
4 creatures vanquished.

Grand Total: 114 creatures vanquished

Notes
Turn   | Place    | Note
-------+----------+-------------------------------------------
     0 | D:1      | MeltyBlood the Kobold Arcane Marksman began the quest for
                  | the Orb.
     0 | D:1      | Reached XP level 1. HP: 12/12 MP: 2/2
   103 | D:1      | Reached XP level 2. HP: 16/16 MP: 3/3
   680 | D:1      | Learned a level 2 spell: Slow
   711 | D:1      | Reached XP level 3. HP: 17/20 MP: 1/4
  1419 | D:1      | Found Zuila's General Store.
  1421 | D:1      | Found a faded altar of an unknown god.
  1452 | D:1      | Bought a scroll of identify for 22 gold pieces
  1845 | D:2      | Reached XP level 4. HP: 19/26 MP: 1/5
  2898 | D:2      | Reached XP level 5. HP: 21/31 MP: 2/6
  4072 | D:3      | Noticed Jessica
  4076 | D:3      | Found a hazy altar of Hepliaklqana.
  4291 | D:3      | Killed Jessica
  4664 | D:4      | Noticed Edmund
  4841 | D:3      | Killed Edmund
  4842 | D:3      | Reached XP level 6. HP: 33/37 MP: 3/10
  4971 | D:4      | Found a runed translucent gate.
  4973 | D:4      | Found a runed translucent gate.
  4973 | D:4      | Noticed NigelTetley's ghost (novice DECj)
  4974 | D:4      | Found a runed translucent gate.
  5020 | D:4      | Found a basalt altar of Yredelemnul.
  5526 | D:4      | Noticed Duvessa
  6048 | D:4      | Reached skill level 5 in Crossbows
  6048 | D:4      | Reached XP level 7. HP: 41/41 MP: 10/12
  6477 | D:5      | Entered Level 5 of the Dungeon
  6598 | D:5      | Learned a level 3 spell: Portal Projectile
  7202 | D:4      | Noticed Dowan
  7694 | D:5      | Reached skill level 5 in Hexes
  7694 | D:5      | Reached XP level 8. HP: 46/46 MP: 15/15
  7979 | D:5      | Reached skill level 5 in Spellcasting
  8252 | D:5      | Killed by an exploding gnoll shaman... ignited by their
                  | inner flame

Illustrated notes

Levels and vault maps discovered:
D:1:      saegor_arrival_simple_d, layout_rooms, serial_shops, shop,
          chequers_ecumenical_altar_simple, minmay_unequal
D:2:      layout_basic
D:3:      layout_basic, mainiacjoe_overflow_tiny_flanked, serial_glass,
          glass_columns_b, glass_columns_c, glass_columns_a, glass_columns_a,
          glass_columns_b, glass_columns_c, st_stairs_3, corexii_shack,
          chequers_serial_rivers_micro_e, uniq_jessica
D:4:      layout_cave_pods, lemuel_doored_altar, gammafunk_ghost_nasty_kobolds,
          uniq_duvessa, uniq_edmund
D:5:      layout_rooms, minmay_temple_entry_enclosed_plants, serial_curves,
          eino_curves_02, eino_curves_02

Skill      XL: |  1  2  3  4  5  6  7  8 |
---------------+-------------------------+-----
Crossbows      | 3 4 5 |  5.4
Fighting       | 2 3 |  3.4
Hexes          | 4 5 |  5.4
Spellcasting   | 2 3 4 5 |  5.2
Short Blades   | |  0.2
Dodging        | |  2.4
Stealth        | |  0.3

Action                   |  1- 3 |  4- 6 |  7- 9 || total
-------------------------+-------+-------+-------++-------
Melee: Dagger            |   156 |   126 |    25 ||   307
 Fire: Hand crossbow     |    31 |    89 |   115 ||   235
 Cast: Corona            |     5 |    14 |     1 ||    20
       Slow              |    16 |    38 |    26 ||    80
       Portal Projectile |       |       |     4 ||     4
  Use: Potion            |     1 |       |       ||     1
       Scroll            |     1 |     2 |     2 ||     5
 Stab: Sleeping          |     3 |    11 |       ||    14
Armor: Robe              |    13 |       |       ||    13
       Leather armour    |       |    14 |       ||    14
       Steam dragon scal |       |    16 |     9 ||    25
Dodge: Dodged            |   102 |    99 |    72 ||   273

Table legend: (Time is in decaauts)
 A = Elapsed time spent in this place.
 B = Non-inter-level travel time spent in this place.
 C = Inter-level travel time spent in this place.
 D = Time resting spent in this place.
 E = Time spent auto-exploring this place.
 F = Levels seen in this place.
 G = Mean time per level.
                   A        B        C        D        E       F      G
               +--------+--------+--------+--------+--------+-----+--------+
         Total |   8227 |   7928 |    299 |    612 |   5320 |   5 | 1645.4 |
       Dungeon |   8227 |   7928 |    299 |    612 |   5320 |   5 | 1645.4 |
               +--------+--------+--------+--------+--------+-----+--------+

Top non-repeatable levels by time:
     D:4: 2514 daAuts
     D:1: 1772 daAuts
     D:2: 1752 daAuts
     D:3: 1156 daAuts
     D:5: 1031 daAuts
